 Dungeon Crawl Stone Soup version 0.23.0-41-g86b089e62c (webtiles) character file.

Game seed: 0

25 Reinor the Sneak (level 2, 0/13 HPs)
             Began as a Spriggan Enchanter on Feb 27, 2019.
             Slain by a hobgoblin
             ... wielding a +0 club
              (1 damage)
             ... on level 1 of the Dungeon.
             The game lasted 00:02:44 (1139 turns).

Reinor the Sneak (Spriggan Enchanter)               Turns: 1139, Time: 00:02:44

Health: 0/13       AC:  2    Str:  4    XL:     2   Next: 82%
Magic:  5/7        EV: 18    Int: 16    God:
Gold:   18         SH:  0    Dex: 16    Spells: 4/7 levels left

rFire    . . .     SeeInvis +   a - +1 dagger
rCold    . . .     Gourm    .   (shield restricted)
rNeg     . . .     Faith    .   b - +0 robe
rPois    .         Spirit   .   (helmet restricted)
rElec    .         Reflect  .   (no cloak)
rCorr    .         Harm     .   (gloves unavailable)
MR       .....                  (boots unavailable)
Stlth    +++.......             (no amulet)
HPRegen  0.04/turn              (no ring)
MPRegen  0.10/turn              (no ring)

@: very quick
A: very small, unfitting armour, see invisible, herbivore, speed 3, slow
metabolism 2
a: no special abilities


You were on level 1 of the Dungeon.
You were not hungry.

You visited 1 branch of the dungeon, and saw 1 of its levels.

You collected 18 gold pieces.

Inventory:

Hand Weapons
 a - a +1 dagger (weapon)
Missiles
 e - 23 stones (quivered)
Armour
 b - a +0 robe (worn)
Scrolls
 h - a scroll of remove curse {unknown}
 i - a scroll of noise {unknown}
Potions
 c - a potion of haste {unknown}
 f - a potion of mutation {unknown}
 g - a potion of brilliance {unknown}
Comestibles
 d - a ration


   Skills:
 + Level 1.4 Short Blades
 + Level 3.0 Dodging
 + Level 4.9 Stealth
 + Level 3.2 Spellcasting
 + Level 4.2 Hexes


You had 4 spell levels left.
You knew the following spells:

 Your Spells              Type           Power        Failure   Level  Hunger
a - Corona                Hex            ###....      3%          1    None
b - Ensorcelled Hibernat  Hex/Ice        #.....       12%         2    ##.....

Your spell library contained the following spells:

 Spells                   Type           Power        Failure   Level  Hunger
 Confuse                  Hex            ###.....     10%         3    ###....
 Tukima's Dance           Hex            ###.....     10%         3    ###....
 Dazzling Spray           Conj/Hex       #.....       24%         3    ###....


Dungeon Overview and Level Annotations

Branches:
Dungeon (1/15)

Altars:


Innate Abilities, Weirdness & Mutations

You are very small and have problems with some larger weapons.
You are too small for most types of armour.
You have supernaturally acute eyesight. (SInv)
You are a herbivore.
You cover ground extremely quickly.
You need to consume almost no food.


Message History

Aiming: Corona (safe; 3% risk of failure)
Press: ? - help, Shift-Dir - straight line, f - hobgoblin
Aim: a hobgoblin, wielding a +0 club (chance to defeat MR: 71%)
The hobgoblin is outlined in light.
The hobgoblin completely misses you.
You hit the hobgoblin.
The hobgoblin is heavily wounded.
The hobgoblin closely misses you.
You hit the hobgoblin but do no damage.
The hobgoblin is heavily wounded.
The hobgoblin closely misses you.
You hit the hobgoblin but do no damage.
The hobgoblin is heavily wounded.
You hit the hobgoblin but do no damage.
The hobgoblin is heavily wounded.
The hobgoblin hits you with a +0 club.
* * * LOW HITPOINT WARNING * * *
You barely miss the hobgoblin.
The hobgoblin is heavily wounded.
The hobgoblin hits you with a +0 club.
You die...

### ..# #####.#
.....# #
#.###.#.###########
?.>.......g@.......
....$....#########.
.8.....8.........#
.........#######.#
#....>....# #.#
####.......!..# #.#
#.............. #†#
#.............. #.#
#.....8.....8.. #.#


You could see a hobgoblin.

Vanquished Creatures
  2 dart slugs (D:1)
  A leopard gecko (D:1)
  A giant cockroach (D:1)
  4 goblins (D:1)
  2 hobgoblins (D:1)
  5 bats (D:1)
  2 kobolds (D:1)
  2 rats (D:1)
19 creatures vanquished.

Notes
Turn   | Place    | Note
-------+----------+-------------------------------------------
     0 | D:1      | Reinor the Spriggan Enchanter began the quest for the Orb.
     0 | D:1      | Reached XP level 1. HP: 9/9 MP: 5/5
   385 | D:1      | Reached XP level 2. HP: 13/13 MP: 7/7
   389 | D:1      | Learned a level 2 spell: Ensorcelled Hibernation
  1139 | D:1      | Slain by a hobgoblin

Skill      XL: |  1 |
---------------+----+-----
Spellcasting   | 3 |  3.2
Hexes          | 4 |  4.2
Short Blades   | |  1.4
Dodging        | |  3.0
Stealth        | |  4.9

Action                   || total
-------------------------++-------
Melee: Dagger            ||    87
 Cast: Corona            ||     9
 Stab: Sleeping          ||     2
Armor: Robe              ||    17
Dodge: Dodged            ||    74
